 Dungeon Crawl Stone Soup version 0.27.1 (webtiles) character file.

Game seed: 11562987226163399591

3972 MacCMillion the Frost Mage (level 10, -2/114 HPs)
             Began as a Merfolk Gladiator on Aug 22, 2021.
             Was a Believer of Dithmenos.
             Slain by a gnoll (8 damage)
             ... on level 8 of the Dungeon.
             The game lasted 00:19:17 (10227 turns).

MacCMillion the Frost Mage (Merfolk Gladiator)     Turns: 10227, Time: 00:19:18

Health: -2/114     AC: 25    Str: 18    XL:     10   Next: 22%
Magic:  10/10      EV:  2    Int:  8    God:    Dithmenos [**....]
Gold:   240        SH: 10    Dex: 17    Spells: 6/9 levels left

rFire    . . .     SeeInvis +   a - +0 trident
rCold    . . .     Faith    .   M - +0 buckler {rPois}
rNeg     + + +     Spirit   .   (armour currently unavailable)
rPois    +         Reflect  +   (helmet currently unavailable)
rElec    .         Harm     .   (cloak currently unavailable)
rCorr    .         Rampage  .   (gloves currently unavailable)
Will     +....     NoTele   +   (boots currently unavailable)
Stlth    ++........             m - amulet of reflection
HPRegen  0.29/turn              p - ring of willpower
MPRegen  0.12/turn              u - ring of see invisible

@: tree-form (expiring), mesmerised, wreathed by umbra
A: stationary, stasis, torment immunity, boosted hp, (nimble swimmer 2),
(mertail), (poison resistance), strong 1
a: Renounce Religion, Shadow Step


You were on level 8 of the Dungeon.
You worshipped Dithmenos.
Dithmenos was pleased with you.
You were a tree.
You visited 1 branch of the dungeon, and saw 8 of its levels.

You collected 342 gold pieces.
You spent 102 gold pieces at shops.

Inventory:

Hand Weapons
 a - a +0 trident (weapon)
Missiles
 d - 3 throwing nets (quivered)
 r - 32 poisoned darts
 B - 5 javelins
 F - 9 boomerangs
Armour
 b - a +0 leather armour
 c - a +0 helmet (melded)
 t - a +0 ring mail
 x - a +0 scale mail
 y - a +0 cloak (melded)
 E - the +3 plate armour of Rulyihut (melded) {rC+ rCorr Str+6 Dex-5}
   (You found it on level 6 of the Dungeon)

   Str:       It affects your strength (+6).
   Dex:       It affects your dexterity (-5).
   rC:        It protects you from cold.
   rCorr:     It protects you from acid and corrosion.
 J - a +0 pair of gloves (melded)
 M - a +0 buckler of poison resistance (worn)
Magical Staves
 D - a staff of fire
Jewellery
 l - a ring of positive energy
 m - an amulet of reflection (around neck)
 p - a ring of willpower (left branch)
 q - a ring of fire
 u - a ring of see invisible (right branch)
Wands
 I - a wand of flame (30)
 N - a wand of charming (2)
Scrolls
 e - a scroll of enchant weapon {unknown}
 f - a scroll of noise {unknown}
 j - 2 scrolls of teleportation
 k - 4 scrolls of fog {unknown}
 v - 3 scrolls of immolation {unknown}
 A - a scroll of vulnerability {unknown}
 G - a scroll of torment {unknown}
 H - a scroll of magic mapping {unknown}
 L - 2 scrolls of summoning {unknown}
Potions
 g - a potion of degeneration
 h - 2 potions of attraction
 n - 2 potions of resistance
 s - a potion of mutation
 w - 2 potions of flight
 z - a potion of invisibility {unknown}
 C - 3 potions of curing
 K - a potion of haste {unknown}


   Skills:
 - Level 6.2 Fighting
 - Level 9.5 Polearms
 - Level 5.0 Throwing
 - Level 8.0 Dodging
 - Level 4.0 Shields
 + Level 9.6 Ice Magic


You had 6 spell levels left.
You knew the following spells:

 Your Spells              Type           Power      Damage    Failure   Level
a - Frozen Ramparts       Ice            30%        1d5       2%          3

Your spell library contained the following spells:

 Spells                   Type           Power      Damage    Failure   Level
 Freeze                   Ice            60%        1d8       1%          1
 Animate Skeleton         Necr           0%         N/A       41%         1
 Pain                     Necr           0%         1d4       41%         1
 Summon Small Mammal      Summ           0%         N/A       41%         1
 Hailstorm                Conj/Ice       7%         3d4       52%         4
 Call Canine Familiar     Summ           0%         N/A       78%         3
 Conjure Flame            Conj/Fire      0%         6-21      78%         3
 Ignite Poison            Fire/Tmut/Pois 0%         N/A       78%         3
 Summon Guardian Golem    Hex/Summ       0%         N/A       78%         3
 Vampiric Draining        Necr           0%         2d6       78%         3
 Metabolic Englaciation   Hex/Ice        3%         N/A       86%         5
 Petrify                  Tmut/Erth      0%         N/A       99%         4
 Sticky Flame             Conj/Fire      0%         2d3       99%         4
 Statue Form              Tmut/Erth      0%         N/A       100%        6


Dungeon Overview and Level Annotations

Branches:
Dungeon (8/15)             Temple (0/1) D:6
   Lair: D:8-11

Altars:
Cheibriados
Dithmenos
Fedhas
Gozag
Qazlal
Sif Muna
Wu Jian
Yredelemnul

Shops:
D:7 *

Annotations:
D:3 1 runed translucent door, Crazy Yiuf
D:8 Maggie


Innate Abilities, Weirdness & Mutations

You are a tree.
Your roots penetrate the ground, keeping you stationary.
You cannot be teleported.
You are immune to unholy pain and torment.
Your maximum health is greatly increased.
Your equipment is partially melded.
((You are quick and stealthy near water. (Stealth+, EV+, Speed+++)))
((Your lower body shifts to a powerful aquatic tail in water.))
((Your system is resistant to poisons. (rPois)))
Your muscles are strong. (Str +2)


Message History

You block the centaur warrior zombie's attack.
The centaur warrior zombie kicks you but does no damage.
Maggie points at you and mumbles some strange words.
The bolt of fire hits you!!
* * * LOW HITPOINT WARNING * * *
You block the gnoll's attack. The gnoll hits you but does no damage.
You feel much better.
Your transformation is almost over.
You block the centaur warrior zombie's attack.
The centaur warrior zombie kicks you but does no damage.
Maggie points at you and mumbles some strange words.
The bolt of fire hits you!
* * * LOW HITPOINT WARNING * * *
The gnoll barely misses you. You block the gnoll's attack.
The centaur warrior zombie hits you but does no damage.
The centaur warrior zombie kicks you but does no damage.
You hit Maggie but do no damage.
Maggie is severely wounded.
You block the centaur warrior zombie's attack. x2
Maggie gestures at you while chanting. The bolt of fire hits you!
* * * LOW HITPOINT WARNING * * *
You block the gnoll's attack. The gnoll hits you but does no damage.
You hit Maggie but do no damage.
Maggie is severely wounded.
The centaur warrior zombie hits you but does no damage.
You block the centaur warrior zombie's attack.
You hit Maggie.
Maggie is almost dead.
Maggie gestures wildly while chanting.
Maggie draws you further into her thrall.
The gnoll hits you but does no damage. The gnoll completely misses you.
The centaur warrior zombie hits you but does no damage.
The centaur warrior zombie kicks you but does no damage.
You hit Maggie but do no damage.
Maggie is almost dead.
Maggie says, "How do the people who live here stand the isolation?"
You block Maggie's attack.
The gnoll hits you from afar with a +0 halberd!
You die...

#.# #.# #.# #.# .
#####'#####.# ..
#.........#.# ...
#.........#.# ....
#.........#.#
.....#.........#.#
...............'.
#####.g♣.......###
#.Z@.......#
#..g.......#
#...##....## .....
....# ...... ....#
....... ...#
......... ..#


You could see Maggie (mesmerising), 2 gnolls and a centaur warrior zombie.

Vanquished Creatures
  Erica (D:8)
  Pikel (D:7)
  Maurice (D:8)
  Prince Ribbit (D:7)
  A wyvern (D:8)
  2 water moccasins
  Duvessa (D:5)
  An ice beast (D:7)
  A hornet zombie (D:6)
  An orc warrior (D:6)
  A black bear (D:5)
  A necrophage (D:6)
  An ogre (D:5)
  A centaur (D:7)
  4 lemures
  A bullfrog (D:7)
  Dowan (D:5)
  3 scorpions
  A water moccasin skeleton (D:5)
  An electric eel (D:6)
  A bullfrog zombie (D:6)
  2 centaur zombies (D:6)
  6 hounds
  4 jellies
  A centaur skeleton (D:3)
  4 orc priests
  A bullfrog skeleton (D:4)
  An iguana (D:4)
  4 orc wizards
  2 hound zombies
  A mummy (D:6)
  9 adders
  2 white imps
  An ufetubus (D:6)
  2 adder zombies (D:5)
  A worm (D:3)
  2 dart slugs (D:2)
  26 orcs
  5 bats
  6 endoplasms
  5 giant cockroaches
  9 goblins
  2 hobgoblins
  7 kobolds
  3 quokkas
  6 ball pythons
  5 frilled lizards
  7 rats
151 creatures vanquished.

Notes
Turn   | Place    | Note
-------+----------+-------------------------------------------
     0 | D:1      | MacCMillion the Merfolk Gladiator began the quest for the
                  | Orb.
     0 | D:1      | Reached XP level 1. HP: 16/16 MP: 1/1
   202 | D:1      | Reached XP level 2. HP: 23/23 MP: 2/2
   422 | D:1      | You fall into a shaft and drop 1 floor!
   429 | D:2      | Reached skill level 5 in Polearms
   538 | D:2      | Reached XP level 3. HP: 28/28 MP: 3/3
  1660 | D:2      | Reached XP level 4. HP: 34/34 MP: 4/4
  1906 | D:3      | Found a shadowy altar of Dithmenos.
  1912 | D:3      | Became a worshipper of Dithmenos the Shadowed
  1921 | D:3      | Found a shimmering blue altar of Sif Muna.
  1964 | D:3      | Found an opulent altar of Gozag.
  2274 | D:3      | Found a blossoming altar of Fedhas.
  2339 | D:3      | Found an ornate altar of the Wu Jian Council.
  2395 | D:3      | Reached skill level 5 in Dodging
  2395 | D:3      | Reached XP level 5. HP: 38/41 MP: 5/5
  2497 | D:3      | Found a runed translucent door.
  2498 | D:3      | Noticed Crazy Yiuf
  2598 | D:3      | Found a faded altar of an unknown god.
  2732 | D:3      | Reached * piety under Dithmenos
  3297 | D:4      | Reached XP level 6. HP: 38/48 MP: 6/6
  4277 | D:5      | Entered Level 5 of the Dungeon
  4291 | D:5      | Noticed Duvessa
  4293 | D:5      | Noticed Dowan
  4327 | D:5      | Killed Duvessa
  4328 | D:5      | Reached XP level 7. HP: 33/55 MP: 7/7
  4573 | D:5      | Killed Dowan
  4668 | D:5      | Reached skill level 5 in Fighting
  5055 | D:5      | Reached XP level 8. HP: 60/63 MP: 8/8
  5067 | D:5      | Reached ** piety under Dithmenos
  6216 | D:6      | Found a basalt altar of Yredelemnul.
  6852 | D:6      | Gained mutation: Your system is resistant to poisons.
                  | (rPois) [potion of mutation]
  6852 | D:6      | Gained mutation: Your muscles are strong. (Str +2) [potion
                  | of mutation]
  7165 | D:6      | Identified the +3 plate armour of Rulyihut {rC+ rCorr Str+6
                  | Dex-5}
  7188 | D:6      | Found a staircase to the Ecumenical Temple.
  7204 | D:6      | Reached skill level 5 in Throwing
  7291 | D:6      | Reached XP level 9. HP: 69/69 MP: 9/9
  7347 | D:6      | Found a snail-covered altar of Cheibriados.
  8129 | D:7      | Reached skill level 5 in Ice Magic
  8242 | D:7      | Found a stormy altar of Qazlal.
  8452 | D:7      | Found Jomyeha's Serpentskin Sales.
  8490 | D:7      | Bought a +0 buckler of poison resistance for 102 gold
                  | pieces
  8545 | D:7      | Noticed Pikel
  8644 | D:6      | Learned a level 3 spell: Frozen Ramparts
  8924 | D:7      | Killed Pikel
  9075 | D:7      | Noticed Prince Ribbit
  9304 | D:7      | Killed Prince Ribbit
  9410 | D:8      | Noticed Maggie
  9549 | D:8      | Noticed Maurice
  9572 | D:8      | Killed Maurice
  9573 | D:8      | Reached XP level 10. HP: 59/76 MP: 10/10
  9715 | D:8      | Noticed Erica
  9734 | D:8      | Killed Erica
 10222 | D:8      | HP: 4/114 [Maggie/bolt of fire (25)]
 10227 | D:8      | Slain by a gnoll

Illustrated notes

Levels and vault maps discovered:
D:1:      lemuel_arrival_broad_hall, layout_loops_corners, wad_floor_pattern_2
D:2:      minmay_inner_zag, layout_basic, minmay_diced_spiral
D:3:      layout_basic, old_standard_altar, nicolae_overflow_crystal_walls,
          nzn_wu_jian_council_hall, mainiacjoe_overflow_large_starburst,
          ebering_ecumenical_altar_box, minmay_goblin_kobold_house,
          uniq_crazy_yiuf_cottage
D:4:      layout_loops_ring, kennysheep_nub, minmay_misc_feat_four_crosses
D:5:      layout_basic, minmay_statues_item, uniq_duvessa
D:6:      layout_basic, lemuel_zombie_altar_yredelemnul, slow_altar_2,
          minmay_temple_entry_glass, chequers_serial_rivers_marsh,
          nicolae_water_bricks, patterned_corridor
D:7:      layout_cave_pods, nicolae_qazlal_general_emergency,
          guppyfry_shop_venom, uniq_prince_ribbit1, uniq_pikel
D:8:      minmay_klotski, layout_basic, chequers_serial_rivers_small_3,
          uniq_maurice, uniq_erica, uniq_maggie, uniq_grum

Skill      XL: |  1  2  3  4  5  6  7  8  9 10 |
---------------+-------------------------------+-----
Polearms       | 5 6 7 9 |  9.5
Fighting       | 3 4 5 6 |  6.2
Dodging        | 5 6 7 8 |  8.0
Throwing       | 3 4 5 |  5.0
Ice Magic      | 3 8 9 |  9.6
Shields        | 4 |  4.0

Action                   |  1- 3 |  4- 6 |  7- 9 | 10-12 || total
-------------------------+-------+-------+-------+-------++-------
Melee: Trident           |    95 |   235 |   550 |    63 ||   943
       Tailslap          |       |       |     5 |       ||     5
Throw: Throwing net      |       |     1 |       |       ||     1
  Use: Scroll            |       |     4 |     2 |     2 ||     8
       Potion            |       |       |     3 |     2 ||     5
 Stab: Sleeping          |     3 |       |       |       ||     3
       Distracted        |       |     1 |       |       ||     1
Armor: Leather armour    |     5 |       |       |       ||     5
       Ring mail         |     3 |    22 |       |       ||    25
       Scale mail        |       |    50 |   100 |       ||   150
       Plate armour      |       |       |   102 |    13 ||   115
       Skin              |       |       |       |    78 ||    78
Dodge: Dodged            |    33 |    99 |   260 |    20 ||   412
Block: Other             |     8 |    36 |    95 |       ||   139
       Reflection        |       |     1 |     1 |       ||     2
       Buckler           |       |       |    57 |    37 ||    94
